 Dungeon Crawl Stone Soup version 0.29.0-4-gdea44cf6ec (webtiles) character file.

Game seed: 14048693981579475550

58 qw the Chopper (level 4, -6/25 (26) HPs)
             Began as a Tengu Warper on Aug 28, 2022.
             Mangled by a necrophage (7 damage)
             ... on level 3 of the Dungeon.
             The game lasted 00:00:08 (2107 turns).

qw the Chopper (Tengu Warper)                       Turns: 2107, Time: 00:00:09

HP:   -6/25 (26)    AC:  5    Str: 13    XL:     4   Next: 2%
MP:   8/8           EV: 11    Int: 14    God:
Gold: 117           SH:  0    Dex: 13    Spells: 7/7 levels left

rFire   . . .      SeeInvis .   Y - +0 war axe
rCold   . . .      Faith    .   (no shield)
rNeg    . . .      Spirit   .   e - +0 ring mail
rPois   .          Reflect  .   (helmet restricted)
rElec   .          Harm     .   (no cloak)
rCorr   .          Rampage  .   (no gloves)
Will    .....                   (boots unavailable)
Stlth   +.........              (no amulet)
HPRegen 0.08/turn               (no ring)
MPRegen 0.11/turn               (no ring)

@: lightly drained
A: beak, talons 3
a: no special abilities


You were on level 3 of the Dungeon.
You visited 1 branch of the dungeon, and saw 3 of its levels.

You collected 117 gold pieces.


Innate Abilities, Weirdness & Mutations

You have a beak for a mouth.
You have claws for feet.


   Skills:
 - Level 2.0 Fighting
 + Level 4.6 Axes
 - Level 1.0 Throwing
 - Level 1.1 Armour
 - Level 2.1 Dodging
 - Level 2.0 Spellcasting
 - Level 2.4 Translocations


You had 7 spell levels left.
You didn't know any spells.
Your spell library contained the following spells:

 Spells                   Type           Power      Damage    Failure   Level
 Blink                    Tloc           16%        N/A       28%         2
 Gell's Gravitas          Tloc           8%         N/A       50%         3
 Lesser Beckoning         Tloc           8%         N/A       50%         3
 Teleport Other           Tloc           8%         N/A       50%         3
 Manifold Assault         Tloc           8%         N/A       99%         5

Inventory:

Hand Weapons
 j - a +0 whip
 Y - a +0 war axe (weapon)
Armour
 e - a +0 ring mail (worn)
Jewellery
 h - a ring of fire
Scrolls
 b - a scroll of magic mapping {unknown}
Potions
 a - a potion of flight {unknown}
 f - a potion of curing {unknown}

Dungeon Overview and Level Annotations

Branches:
Dungeon (3/15)

Altars:

Shops:
D:1 *


Message History

The quokka is severely wounded.
You miss the bat. The bat hits you. The bat completely misses you.
The quokka barely misses you. The quokka closely misses you.
The necrophage closely misses you.
You miss the quokka. You claw the quokka.
You kill the quokka!
You hit the bat but do no damage. You closely miss the necrophage.
The bat barely misses you. The necrophage barely misses you.
The bat closely misses you.
You miss the bat. Your kick misses the bat.
The bat is heavily wounded.
You barely miss the necrophage. The bat closely misses you.
The necrophage barely misses you.
You closely miss the bat. Your peck misses the bat.
The bat is heavily wounded.
You hit the necrophage.
The bat hits you but does no damage. x2; The necrophage closely misses you.
The necrophage barely misses you.
You hit the necrophage. You claw the necrophage. You peck the necrophage.
The necrophage is moderately damaged.
The bat hits you but does no damage. The bat barely misses you.
The necrophage closely misses you.
You slash the necrophage! Your peck misses the necrophage.
The necrophage is severely damaged.
You hit the worm. You barely miss the bat. The bat closely misses you.
The bat hits you but does no damage. The bat closely misses you.
The necrophage hits you.
You feel drained. The worm bites you!
You hit the necrophage but do no damage.
Your kick misses the necrophage.
The necrophage is severely damaged.
You hit the worm. You closely miss the bat. The bat closely misses you.
The bat hits you. The necrophage hits you. The bat hits you but does no damage.
The worm closely misses you.
You hit the necrophage. You peck the necrophage.
The necrophage is almost destroyed.
You hit the worm. You closely miss the bat.
The bat hits you but does no damage. The bat misses you.
The necrophage hits you!
You die...

..rb....##
#........#
#........###
.........#
####.....#.#
.........#.# #
#..##.#
#.#nw##.#
#..@....#
###.b..(#
.....##..#
..######..#
#######..###.#
.............#
#######.######
#.# #.#


You could see a necrophage, a worm and a bat.

Vanquished Creatures
  2 adders
  2 orcs (D:3)
  2 endoplasms (D:1)
  3 giant cockroaches
  6 goblins
  3 hobgoblins
  3 quokkas
  6 ball pythons
  2 bats (D:1)
  2 frilled lizards
  6 kobolds
37 creatures vanquished.

Notes
Turn   | Place    | Note
-------+----------+-------------------------------------------
     0 | D:1      | qw the Tengu Warper began the quest for the Orb.
     0 | D:1      | Reached XP level 1. HP: 12/12 MP: 4/4
     0 | D:1      | 0 ||| qw: Version: 0.1-a-89-g26bdef1
     0 | D:1      | 0 ||| qw: Game counter: 2367
     0 | D:1      | 0 ||| qw: Always use a shield: true
     0 | D:1      | 0 ||| qw: God list: Okawaru
     0 | D:1      | 0 ||| qw: Allow faded altars: false
     0 | D:1      | 0 ||| qw: Do Orc after D:15 true
     0 | D:1      | 0 ||| qw: Do second Lair branch before Depths: true
     0 | D:1      | 0 ||| qw: Lair rune preference: random
     0 | D:1      | 0 ||| qw: Plans: Normal
     0 | D:1      | 0 ||| PLANNING D:1-11
    23 | D:1      | Found Raraittinno's Assorted Antiques.
    27 | D:1      | 27 ||| SHOPLISTING chain mail (103 gold, have 15).
    27 | D:1      | 27 ||| SHOPLISTING scroll labelled BEFOTAUQYUD (23 gold,
                  | have 15).
    27 | D:1      | 27 ||| SHOPLISTING silver ring (115 gold, have 15).
    27 | D:1      | 27 ||| SHOPLISTING viscous grey potion (20 gold, have 15).
   321 | D:1      | Reached skill level 3 in Axes
   321 | D:1      | Reached XP level 2. HP: 15/17 MP: 6/6
   861 | D:1      | 861 ||| DROPPING +0 club.
  1106 | D:1      | Reached XP level 3. HP: 19/21 MP: 7/7
  1152 | D:1      | 1152 ||| READING scroll labelled PISMAT FOFULO.
  1153 | D:1      | 1153 ||| READING scroll labelled TEEHOS FAKEBE.
  1154 | D:1      | 1154 ||| DROPPING scroll of blinking.
  1340 | D:2      | 1340 ||| SWAPPING to +0 war axe.
  1341 | D:2      | 1341 ||| DROPPING +1 hand axe.
  1382 | D:2      | 1382 ||| Stepping ~*~*~tactically~*~*~ (stealth).
  1383 | D:2      | 1383 ||| Stepping ~*~*~tactically~*~*~ (stealth).
  1384 | D:2      | 1384 ||| Stepping ~*~*~tactically~*~*~ (stealth).
  1434 | D:2      | Reached skill level 4 in Axes
  1999 | D:2      | 1999 ||| UPGRADING to +0 ring mail.
  2009 | D:2      | 2009 ||| DROPPING +0 leather armour.
  2010 | D:2      | 2010 ||| READING scroll labelled VARPHO OVON.
  2089 | D:3      | 2089 ||| Stepping ~*~*~tactically~*~*~ (stealth).
  2090 | D:3      | 2090 ||| Stepping ~*~*~tactically~*~*~ (stealth).
  2095 | D:3      | Noticed a necrophage
  2100 | D:3      | Reached XP level 4. HP: 18/26 MP: 8/8
  2105 | D:3      | HP: 3/25 [worm (10)]
  2106 | D:3      | HP: 1/25 [necrophage (1)]
  2107 | D:3      | Mangled by a necrophage

Levels and vault maps discovered:
D:1:      heliophobic_arrival_battle_scene, layout_loops_corners, serial_shops,
          nicolae_shop_behind_doors
D:2:      layout_basic, nrook_uturn
D:3:      layout_loops_ring, bloody_trog, hellmonk_ecumenical_altar_blasted

Skill      XL: |  1  2  3 |
---------------+----------+-----
Axes           | 3 4 |  4.6
Fighting       | |  2.0
Throwing       | |  1.0
Armour         | |  1.1
Dodging        | |  2.1
Spellcasting   | |  2.0
Translocations | |  2.4

Action                   |  1- 3 |  4- 6 || total
-------------------------+-------+-------++-------
Melee: Hand axe          |    36 |       ||    36
       Kick              |    14 |     2 ||    16
       Peck              |     6 |     2 ||     8
       Punch             |     1 |       ||     1
       War axe           |    24 |     8 ||    32
Throw: Boomerang         |    26 |       ||    26
  Use: Scroll            |     3 |       ||     3
Armor: Leather armour    |    11 |       ||    11
       Ring mail         |     7 |     6 ||    13
Dodge: Dodged            |    22 |    18 ||    40

Table legend:
 A = Non-vault XP
 B = Vault XP
 C = Vault XP percentage of total XP
 D = Non-vault monster count
 E = Vault monster count
 F = Vault count percentage of total count
                 A         B        C        D         E       F
            +---------+---------+-------+---------+---------+-------
      Total |      84 |       0 |   0.0 |      37 |       0 |   0.0
            +---------+---------+-------+---------+---------+-------
        D:1 |      36 |       0 |   0.0 |      23 |       0 |   0.0
        D:2 |      25 |       0 |   0.0 |       9 |       0 |   0.0
        D:3 |      23 |       0 |   0.0 |       5 |       0 |   0.0
            +---------+---------+-------+---------+---------+-------
